 Dungeon Crawl Stone Soup version 0.24.0-1-gfbc8707 (webtiles) character file.

Game seed: 2522324261077383028, levelgen mode: deterministic

2139 TheGoonsmith the Grappler (level 9, -7/88 HPs)
             Began as a Troll Monk on Nov 7, 2019.
             Was a Priest of Qazlal.
             Mangled by a hornet (11 damage)
             ... while paralysed by a hornet
             ... on level 7 of the Dungeon.
             The game lasted 00:13:59 (5668 turns).

TheGoonsmith the Grappler (Troll Monk)              Turns: 5668, Time: 00:13:59

Health: -7/88      AC:  8    Str: 22    XL:     9   Next: 9%
Magic:  9/9        EV:  1    Int:  7    God:    Qazlal [***...]
Gold:   447        SH:  0    Dex: 13    Spells: 8/8 levels left

rFire    . . .     SeeInvis .     - Unarmed
rCold    . . .     Gourm    +   (no shield)
rNeg     . . .     Faith    .   a - +0 robe
rPois    .         Spirit   .   (helmet restricted)
rElec    .         Reflect  .   k - +1 cloak
rCorr    .         Harm     .   (gloves unavailable)
MR       .....                  (boots unavailable)
Stlth    +.........             (no amulet)
HPRegen  0.64/turn              (no ring)
MPRegen  0.11/turn              (no ring)

@: paralysed, lethally poisoned (-7 -> -12), slowed
A: large, unfitting armour, claws 3, fast metabolism 3, gourmand, regeneration
1, shaggy fur 1, tough skin 3
a: Upheaval, Elemental Force, Renounce Religion


You were on level 7 of the Dungeon.
You worshipped Qazlal.
Qazlal was most pleased with you.
You were very hungry.

You visited 2 branches of the dungeon, and saw 9 of its levels.

You collected 447 gold pieces.

Inventory:

Missiles
 n - 47 poisoned darts (quivered)
 r - 7 boomerangs
 v - 7 atropa-tipped darts
Armour
 a - a +0 robe (worn)
 k - a +1 cloak (worn)
Jewellery
 o - an uncursed ring of fire
 q - a +2 ring of strength {unknown}
 w - an uncursed ring of see invisible {unknown}
 y - an uncursed ring of poison resistance {unknown}
 F - an uncursed amulet of magic regeneration
Wands
 t - a wand of digging (6)
 A - a wand of disintegration (13)
 C - a wand of acid (4)
Scrolls
 d - 4 scrolls of remove curse
 h - 4 scrolls of teleportation
 j - 9 scrolls of identify
 p - 3 scrolls of magic mapping
 s - a scroll of holy word
 x - 2 scrolls of enchant weapon
Potions
 c - 2 potions of brilliance
 e - 4 potions of heal wounds {unknown}
 f - 6 potions of curing
 g - 5 potions of haste {unknown}
 i - a potion of berserk rage {unknown}
 l - 3 potions of degeneration {unknown}
 m - a potion of magic {unknown}
 u - a potion of mutation {unknown}
 z - a potion of resistance
 B - 3 potions of invisibility {unknown}
 D - a potion of flight {unknown}
Comestibles
 b - 14 rations


   Skills:
 + Level 5.3 Fighting
 + Level 3.4 Dodging
 - Level 1.0 Stealth
 * Level 10.3 Unarmed Combat
 + Level 1.4 Invocations


You had 8 spell levels left.
You didn't know any spells.
Your spell library contained the following spells:

 Spells                   Type           Power        Failure   Level  Hunger
 Freeze                   Ice            #...         43%         1    ##.....
 Magic Dart               Conj           #...         43%         1    ##.....
 Searing Ray              Conj           #.....       56%         2    ###....
 Throw Frost              Conj/Ice       #.....       56%         2    ###....
 Dazzling Spray           Conj/Hex       #.....       80%         3    ####...
 Ozocubu's Armour         Chrm/Ice       #.......     80%         3    ####...
 Force Lance              Conj/Tloc      #.......     99%         4    #####..
 Fulminant Prism          Conj/Hex       #.........   99%         4    #####..
 Iskenderun's Mystic Bla  Conj           #.......     99%         4    #####..
 Summon Ice Beast         Ice/Summ       #.......     99%         4    #####..
 Throw Icicle             Conj/Ice       #.......     99%         4    #####..


Dungeon Overview and Level Annotations

Branches:
Dungeon (8/15)             Temple (1/1) D:5            Lair (0/6) D:8

Altars:
Ashenzari
Cheibriados
Dithmenos
Elyvilon
Fedhas
Gozag
Hepliaklqana
Kikubaaqudgha
Makhleb
Nemelex Xobeh
Okawaru
Qazlal
Ru
Sif Muna
Trog
Uskayaw
Vehumet
Wu Jian
Xom
Yredelemnul
Zin
The Shining One


Innate Abilities, Weirdness & Mutations

You are too large for most types of armour.
You have claws for hands.
Your metabolism is lightning-fast.
You like to eat raw meat.
Your natural rate of healing is unusually fast.
You are covered in fur. (AC +1)
You have extremely tough skin. (AC +3)


Message History

The hornet stings you!
You shrug off the repeated paralysis!
You feel sick. The hornet stings you.
You feel yourself slow down. The bullfrog hits you. The phantom hits you.
The phantom blinks!
The scorpion stings you.
You are more poisoned.
The scorpion poisons you! The hornet stings you!
* * * LOW HITPOINT WARNING * * *
You feel as though you will be slow longer.
The bullfrog hits you but does no damage.
You can move again.
You climb upwards.
You feel very sick.
There is a stone staircase leading down here.
Unknown command.
Unknown command.
You feel sick.
The hornet is struck by lightning.
The hornet stings you.
* * * LOW HITPOINT WARNING * * *
You suddenly lose the ability to move!
The hornet is struck by lightning.
The hornet stings you!
You die...

..........)......#
#................#
#................#
..........(......# #######
..........(......# ####.....##
.................# ##.........##
.........((......# ##..##'##....#
#...........#'######..##≈.≈##....
................@s...##≈≈.≈≈##...
..............###y..##≈≈...≈≈##..
##..................##≈.....≈##..
##.................##8_.._.._8##.
...................######8######.
...................# #.#####.# #.
.........####.#.#..###..# #..###.
....................##..###..##..
.........####.##..#..##..#..##..#


You could see a hornet and a scorpion.

Vanquished Creatures
  A hippogriff (D:7)
  Sigmund (D:4)
  Menkaure (D:5)
  Edmund (D:4)
  A water moccasin (D:6)
  Duvessa (D:6)
  An ice beast (D:6)
  A sky beast (D:5)
  2 centaurs
  A bullfrog (D:7)
  Dowan (D:6)
  A scorpion (D:4)
  A howler monkey (D:4)
  5 crimson imps
  A centaur zombie (D:5)
  2 orc priests (D:4)
  A bullfrog skeleton (D:6)
  3 orc wizards
  2 worker ants
  Natasha (twice) (D:2)
  2 iguanas
  15 adders
  A shadow imp (D:7)
  2 oozes
  An adder skeleton (D:7)
  2 worms (D:3)
  2 dart slugs
  8 leopard geckos
  22 orcs
  2 ball pythons
  4 giant cockroaches
  4 hobgoblins
  10 jackals
  3 quokkas
  A ball python skeleton (D:5)
  5 bats
  5 frilled lizards
  A giant cockroach zombie (D:5)
  3 goblins (D:2)
  7 kobolds
  2 leopard gecko zombies
  3 rats
135 creatures vanquished.

Notes
Turn   | Place    | Note
-------+----------+-------------------------------------------
     0 | D:1      | TheGoonsmith the Troll Monk began the quest for the Orb.
     0 | D:1      | Reached XP level 1. HP: 22/22 MP: 0/0
   127 | D:1      | Reached XP level 2. HP: 29/29 MP: 1/1
   722 | D:2      | Reached skill level 4 in Unarmed Combat
   801 | D:2      | Reached XP level 3. HP: 36/36 MP: 2/2
   877 | D:2      | Found a snail-covered altar of Cheibriados.
   878 | D:2      | Found a burning altar of Makhleb.
   912 | D:2      | Noticed Natasha
   919 | D:2      | Killed Natasha
   975 | D:2      | Reached skill level 5 in Unarmed Combat
   975 | D:2      | Reached XP level 4. HP: 44/44 MP: 3/3
  1010 | D:2      | Noticed Natasha
  1021 | D:2      | Killed Natasha
  1100 | D:3      | Found an ornate altar of the Wu Jian Council.
  1446 | D:3      | Reached XP level 5. HP: 50/50 MP: 4/4
  1959 | D:4      | Reached skill level 6 in Unarmed Combat
  2018 | D:4      | Found a shimmering altar of Xom.
  2035 | D:4      | Reached XP level 6. HP: 58/59 MP: 5/5
  2070 | D:4      | Found a white marble altar of Elyvilon.
  2164 | D:4      | Reached skill level 7 in Unarmed Combat
  2187 | D:4      | Noticed Edmund
  2199 | D:4      | Killed Edmund
  2199 | D:4      | Reached XP level 7. HP: 46/67 MP: 6/6
  2236 | D:4      | Noticed Sigmund
  2243 | D:4      | Killed Sigmund
  2243 | D:4      | Reached skill level 8 in Unarmed Combat
  2330 | D:4      | Found a glowing golden altar of the Shining One.
  2675 | D:5      | Entered Level 5 of the Dungeon
  2690 | D:5      | Reached skill level 9 in Unarmed Combat
  2818 | D:5      | Found a staircase to the Ecumenical Temple.
  2827 | Temple   | Entered the Ecumenical Temple
  3019 | Temple   | Became a worshipper of Qazlal Stormbringer
  3019 | Temple   | Reached * piety under Qazlal
  3019 | Temple   | Reached ** piety under Qazlal
  3176 | D:5      | Found an ancient bone altar of Kikubaaqudgha.
  3329 | D:5      | Reached XP level 8. HP: 65/75 MP: 7/7
  3375 | D:5      | Noticed Menkaure
  3483 | D:5      | Killed Menkaure
  4112 | D:6      | Reached skill level 10 in Unarmed Combat
  4177 | D:6      | Noticed Dowan
  4178 | D:6      | Noticed Duvessa
  4185 | D:6      | Killed Duvessa
  4188 | D:6      | Killed Dowan
  4220 | D:6      | Reached skill level 5 in Fighting
  5128 | D:7      | Noticed a hippogriff
  5134 | D:7      | Killed a hippogriff
  5134 | D:7      | Reached skill level 1 in Invocations
  5134 | D:7      | Reached XP level 9. HP: 81/88 MP: 8/8
  5186 | D:7      | Reached *** piety under Qazlal
  5436 | D:7      | Found a sparkling altar of Nemelex Xobeh.
  5506 | D:7      | Found a sacrificial altar of Ru.
  5506 | D:7      | Found an opulent altar of Gozag.
  5507 | D:7      | Found a hide-covered altar of Uskayaw.
  5618 | D:8      | Found a staircase to the Lair.
  5618 | D:8      | Noticed a death yak
  5618 | D:8      | Noticed a death yak
  5618 | D:8      | Noticed a death yak
  5619 | D:8      | Noticed a death yak
  5619 | D:8      | Noticed a death yak
  5664 | D:8      | Paralysed by a hornet for 3 turns
  5668 | D:7      | HP: 4/88 [hornet (6)]
  5668 | D:7      | Paralysed by a hornet for 1 turns
  5668 | D:7      | Mangled by a hornet

Levels and vault maps discovered:
D:1:      eino_arrival_water_star, layout_basic, minmay_tree_intersection
D:2:      layout_rooms, bloody_makhleb, lemuel_crystal_altar, uniq_natasha
D:3:      layout_basic, old_standard_altar
D:4:      layout_loops_ring, kennysheep_mini, led_xom_imps,
          minmay_misc_feat_columns, tso_altar, uniq_sigmund, uniq_edmund
D:5:      layout_gridville, overflow_temple_1_default,
          minmay_temple_entry_statues_pillars, first_ration,
          hangedman_decor_riveting, uniq_menkaure
D:6:      layout_layer_cave, uniq_duvessa
D:7:      layout_basic, gammafunk_temple_overflow_claw,
          nemelex_lonely_heart_becter
D:8:      minmay_opposing_rooms, layout_rooms, dpeg_lair_monsters,
          kennysheep_generic_room_7
Temple:   oiseaux_autumnal_temple

Skill      XL: |  1  2  3  4  5  6  7  8 |
---------------+-------------------------+-----
Unarmed Combat | 4 5 6 7 9 10 | 10.3
Fighting       | 3 5 |  5.3
Dodging        | 3 |  3.4
Invocations    | 1 |  1.4
Stealth        | |  1.0

Action                   |  1- 3 |  4- 6 |  7- 9 || total
-------------------------+-------+-------+-------++-------
Melee: Unarmed           |    64 |   151 |   164 ||   379
       Punch             |     1 |     4 |     5 ||    10
  Use: Scroll            |       |     5 |     5 ||    10
 Stab: Sleeping          |       |     2 |       ||     2
  Eat: Ration            |     1 |     1 |     2 ||     4
       Chunk             |     4 |     5 |    25 ||    34
Armor: Robe              |    33 |    56 |    60 ||   149
Dodge: Dodged            |    23 |    78 |    95 ||   196
Block: Other             |       |       |    13 ||    13
